MG rush on mid hammered

Match 13098758
End
Selects Luftwaffe Battlegroup
Selects Fallschirmpioneer Squad Paradrop
Fallschirmpioneer Squad Paradrop
Construct Infanterie Kompanie
MG 42 Machine Gun Team
Fallschirmpioneer Squad Paradrop
Medical Station
Fallschirmpioneer Squad Paradrop
Construct Panzergrenadier Kompanie
Selects Stuka Strafing Run
Fallschirmpioneer Squad Paradrop
Construct Luftwaffe Kompanie
Stuka Strafing Run
Support Elements
Selects Luftwaffe Combat Group
Stuka Strafing Run
StuG III G Assault Gun
Stuka Strafing Run
Fallschirmpioneer Squad Paradrop
Luftwaffe Combat Group
Selects Flak 36 Anti-tank Gun Emplacement
Kit Fisto's Alcoholic Cousin
Para_Dilshan
the_irregular
Kotzaus
General Secretary
0
0

Comments sign in to comment!

No comments posted yet!